 Dungeon Crawl Stone Soup version bcrawl-1.22 (webtiles) character file.

Game seed: 13086969717833981496

46 Morbidden the Insei (level 3, -4/23 HPs)
             Began as a Vine Stalker Monk on May 21, 2020.
             Killed by nerve-wracking pain
             ... invoked by Grinder
              (13 damage)
             ... while paralysed by Grinder
             ... on level 3 of the Dungeon.
             The game lasted 00:01:59 (1822 turns).

Morbidden the Insei (Vine Stalker Monk)             Turns: 1822, Time: 00:01:59

Health: -4/23      AC:  2    Str: 11 (14) XL:     3   Next: 66%
Magic:  0/5        EV:  2    Int:  7 (10) God:
Gold:   121        SH:  0    Dex: 13 (16) Spells: 4/4 levels left

rFire    . . .     SeeInvis .     - Unarmed
rCold    . . .     Gourm    .   (no shield)
rNeg     . . .     Faith    .   a - +0 robe
rPois    .         Spirit   +   b - +0 hat
rElec    .         Reflect  .   (no cloak)
rCorr    .         Harm     .   (no gloves)
MR       .....                  (no boots)
Stlth    ++........             c - amulet of guardian spirit
HPRegen  0.47/turn              (no ring)
MPRegen  0.09/turn              (no ring)

@: paralysed
A: fangs 2, regeneration 1, no potion heal 3, rot immunity, strong jaws
a: no special abilities


You were on level 3 of the Dungeon.
You were not hungry.

You visited 1 branch of the dungeon, and saw 3 of its levels.

You collected 121 gold pieces.

Inventory:

Armour
 a - a +0 robe (worn)
 b - a +0 hat (worn)
Jewellery
 c - an amulet of guardian spirit (around neck)
Scrolls
 d - 4 scrolls of remove curse
 h - 5 scrolls of identify
 m - a scroll of fog {unknown}
 o - a scroll of enchant weapon {unknown}
Potions
 g - a potion of haste
 i - a potion of brilliance {unknown}
 j - 2 potions of degeneration
 l - 2 potions of lignification {unknown}
 n - a potion of curing
 p - a potion of agility {unknown}
 q - a potion of ambrosia {unknown}
 r - a potion of might {unknown}
Comestibles
 e - 2 rations {!d}
 f - 2 chunks of flesh


   Skills:
 * Level 3.3 Fighting
 + Level 3.2 Dodging
 + Level 3.2 Stealth
 + Level 3.4 Unarmed Combat
 * Level 1.0 Spellcasting
   Level 2.0 Invocations


You had 4 spell levels left.
You didn't know any spells.
Your spell library was empty.

Dungeon Overview and Level Annotations

Branches:
Dungeon (3/12)

Altars:

Annotations:
D:3 Grinder


Innate Abilities, Weirdness & Mutations

You have extremely sharp teeth.
Your natural rate of healing is unusually fast.
Potions cannot restore your health.
You are immune to rotting.
Your bites deal extra damage.


Message History

Okay, then.
It was a potion of degeneration.
There was something very wrong with that liquid.
You feel weakened.
You feel dopey.
You feel clumsy. The hound bites you.
No path to travel!
It was a potion of curing.
That felt strangely inert.
The hound closely misses you.
Grinder says, "FISH!"
The hound completely misses you.
No path to travel!
As you read the scroll labeled KIASASAEC, it crumbles to dust.
The creatures around you are filled with an inner flame!
It was a scroll of immolation.
Grinder gestures at you.
You suddenly lose the ability to move!
The hound bites you. Grinder gestures at you. Pain shoots through your body!
Ouch! That really hurt!
You die...

########## .........#
##.#.###.#########
##.#.###.........#
#.....##..#.##.#.#
#..#..>.....##.#h#
#..#.###..####.#@#
...............#.######
#...##########..5......#
###.##########.......#.#
#.##.......#.:.....#
#.##.......#.......#
#.##.......#.......#
#.##.<.....#.......#
###.##.......#.........


You could see Grinder (inner flame) and a hound (inner flame).

Vanquished Creatures
  A worm (D:2)
  2 dart slugs
  2 leopard geckos
  An orc (D:3)
  A giant cockroach (D:1)
  4 goblins (D:1)
  9 hobgoblins
  2 jackals (D:1)
  2 quokkas
  A frilled lizard (D:1)
  4 kobolds
  3 rats
32 creatures vanquished.

Notes
Turn   | Place    | Note
-------+----------+-------------------------------------------
     0 | D:1      | Morbidden the Vine Stalker Monk began the quest for the
                  | Orb.
     0 | D:1      | Reached XP level 1. HP: 13/13 MP: 3/3
   190 | D:1      | Reached XP level 2. HP: 18/18 MP: 4/4
   623 | D:1      | Reached XP level 3. HP: 23/23 MP: 5/5
  1743 | D:3      | Reached skill level 1 in Spellcasting
  1816 | D:3      | Noticed Grinder
  1822 | D:3      | Paralysed by Grinder for 2 turns
  1822 | D:3      | Killed from afar by Grinder

Skill      XL: |  1  2  3 |
---------------+----------+-----
Fighting       | 3 |  3.3
Spellcasting   | 1 |  1.0
Dodging        | |  3.2
Stealth        | |  3.2
Unarmed Combat | |  3.4
Invocations    | |  2.0

Action                   || total
-------------------------++-------
Melee: Unarmed           ||   109
       Bite              ||    17
       Punch             ||     1
  Use: Scroll            ||     2
       Potion            ||     2
 Stab: Sleeping          ||     3
  Eat: Chunk             ||     3
Armor: Robe              ||     5
Dodge: Dodged            ||    53
